 Dungeon Crawl Stone Soup version 0.31.0-11-ge490571c62 (webtiles) character file.

Game seed: 8195240188368273602

35225 qw the Markself (level 13, 0/79 HPs)
             Began as a Deep Elf Hunter on Feb 3, 2024.
             Was a High Priest of Okawaru.
             Slain by a six-headed hydra (13 damage)
             ... on level 5 of the Lair of Beasts.
             The game lasted 00:01:41 (14062 turns).

qw the Markself (Deep Elf Hunter)                  Turns: 14062, Time: 00:01:41

Health: 0/79       AC: 16    Str: 12    XL:     13   Next: 46%
Magic:  17/22      EV: 19    Int: 16    God:    Okawaru [*****.]
Gold:   1136       SH:  0    Dex: 18    Spells: 12/12 levels left

rFire   . . .        A - +0 triple crossbow (heavy)
rCold   + . .        (shield currently unavailable)
rNeg    . . .        z - +2 leather armour {rPois}
rPois   +            a - +2 helmet
rElec   .            (no cloak)
rCorr   .            (no gloves)
SInv    .            v - +3 pair of mountain boots {steadfast, rC+}
Will    +....        k - amulet of the acrobat
Stlth   ++           f - +4 ring of protection
HPRegen 0.33/turn    x - +4 ring of slaying {mikee}
MPRegen 0.18/turn

%: acrobat
@: about to teleport, finesse-ful, marked
A: no striking features
a: Renounce Religion, Heroism, Finesse, Duel


You were on level 5 of the Lair of Beasts.
You worshipped Okawaru.
Okawaru was extremely pleased with you.
You visited 3 branches of the dungeon, and saw 16 of its levels.
You also visited: Sewer and Ossuary.

You collected 1158 gold pieces.
You spent 22 gold pieces at shops.


   Skills:
 - Level 8.7 Fighting
 + Level 20.8 Ranged Weapons
 - Level 2.3 Armour
 - Level 12.0 Dodging
 - Level 1.2 Stealth
 - Level 10.0 Invocations


You had 12 spell levels left.
You didn't know any spells.
Your spell library was empty.

Inventory:

Hand Weapons
 A - a +0 heavy triple crossbow (weapon)
Armour
 a - a +2 helmet (worn)
 p - +0 acid dragon scales
 r - the +1 leather armour "Xoocisak" {Will+ Int-5 Dex+3 Stlth+}
   (You found it on level 4 of the Dungeon)

   Int-5:     It affects your intelligence (-5).
   Dex+3:     It affects your dexterity (+3).
   Will+:     It increases your willpower.
   Stlth+:    It makes you more stealthy.
 v - the +3 pair of mountain boots (worn) {steadfast, rC+}
   (Okawaru gifted it to you on level 4 of the Lair of Beasts)

   Steadfast: It prevents involuntary movement, except for blinking,
   teleportation, or banishment.
   rC+:       It protects you from cold.
 z - a +2 leather armour of poison resistance (worn)
Jewellery
 b - a ring of protection from fire
 f - a +4 ring of protection (left hand)
 j - an amulet of guardian spirit
 k - an amulet of the acrobat (around neck)
 l - a ring of fire
 x - a +4 ring of slaying (right hand) {mikee}
 y - the ring "Satusazo" {rPois Str+3}
   (You found it on level 3 of the Lair of Beasts)

   [ring of poison resistance]

   Str+3:     It affects your strength (+3).
   rPois:     It protects you from poison
Wands
 h - a wand of quicksilver (8)
 m - a wand of polymorph (12)
 q - a wand of digging (5)
Scrolls
 d - 6 scrolls of identify
 s - 4 scrolls of teleportation
 t - a scroll of enchant armour
Potions
 c - 3 potions of haste
 e - 3 potions of might
 g - 2 potions of heal wounds
 i - 4 potions of enlightenment
 n - 4 potions of mutation
 o - 4 potions of curing
 w - 2 potions of resistance

Dungeon Overview and Level Annotations

Branches:
Dungeon (10/15)            Temple (1/1) D:6            Lair (5/5) D:10
 Shoals (0/4) Lair:3        Snake (0/4) Lair:2        Slime (0/5) Lair:4
    Orc (0/2) D:10          Sewer (visited)         Ossuary (visited)

Altars:
Ashenzari
Cheibriados
Dithmenos
Elyvilon
Fedhas
Gozag
Hepliaklqana
Kikubaaqudgha
Makhleb
Nemelex Xobeh
Okawaru
Qazlal
Ru
Sif Muna
Trog
Uskayaw
Vehumet
Wu Jian
Xom
Yredelemnul
Zin
The Shining One
Jiyva

Shops:
D:1 *   D:7 *

Annotations:
Lair:4 1 runed translucent door, exclusion: oklob plant


Message History

Okawaru accepts your kill.
You shoot a bolt. The bolt barely misses the cane toad.
The six-headed hydra misses you. The six-headed hydra bites you!
The six-headed hydra closely misses you.
The six-headed hydra bites you but does no damage.
The six-headed hydra bites you.
The six-headed hydra completely misses you.
The cane toad stings something!!
A yak comes into view.
You shoot a bolt. The bolt hits the six-headed hydra!
The six-headed hydra is lightly wounded.
A four-headed hydra comes into view.
The cane toad stings something.
The cane toad poisons something!
The six-headed hydra barely misses you. The six-headed hydra misses you.
The six-headed hydra bites you!
The six-headed hydra closely misses you.
The six-headed hydra completely misses you.
The six-headed hydra barely misses you.
The cane toad stings something!!
The six-headed hydra bites you!
The six-headed hydra bites you but does no damage. x4
The six-headed hydra closely misses you.
A yak comes into view.
14060 ||| INVOKING Finesse.
You can now deal lightning-fast blows.
The cane toad stings something.
The six-headed hydra bites you.
The six-headed hydra bites you but does no damage. x2
The six-headed hydra bites you. x2
The six-headed hydra bites you but does no damage.
You shoot a bolt. The bolt hits the six-headed hydra.
The six-headed hydra is lightly wounded.
The cane toad stings something!
A water moccasin comes into view.
The six-headed hydra bites you! x3
The six-headed hydra bites you but does no damage.
The six-headed hydra misses you. The six-headed hydra barely misses you.
14062 ||| READING 5 scrolls of teleportation.
As you read the scroll of teleportation, it crumbles to dust.
You feel strangely unstable.
The cane toad stings something!!
The six-headed hydra bites you!
You die...

.....................P#
.....................P#
....................D#
..........SY.........#
.....................##
..........Y........#
#.....P#....FP.....#
#.#.#####..PD##.. #...
##P.#@# ...
F....%D........# ..
...............#
..............##
P.#.#....##.#.# #
#######. #..# ## ###


You could see a six-headed hydra, a four-headed hydra, 2 yaks, a cane toad and a
water moccasin.

Vanquished Creatures
  A catoblepas (Lair:3)
  A boulder beetle (Lair:1)
  2 two-headed ogres
  A deep elf pyromancer (D:7)
  A cyclops (D:9)
  11 elephants
  2 black mambas
  A torpor snail (Lair:3)
  16 cane toads
  2 unseen horrors
  6 rime drakes
  8 komodo dragons
  A tengu conjurer (D:9)
  A merfolk (Lair:3)
  A hornet (D:10)
  2 polar bears
  25 blink frogs
  A shadow (D:8)
  A wraith (D:7)
  2 wyverns
  3 vampires
  25 yaks
  9 basilisks
  2 steam dragons
  Grum (D:10)
  An acid dragon (D:9)
  Duvessa (D:5)
  10 water moccasins
  3 orc warriors
  2 ice beasts (D:7)
  A black bear (D:6)
  An ogre (D:6)
  8 wolves
  6 centaurs
  A phantom (D:6)
  A weeping skull (Ossuary)
  An elf zombie (Ossuary)
  6 kobold brigands
  9 bullfrogs
  4 scorpions
  A burial acolyte (Ossuary)
  5 wights (D:7)
  Dowan (D:5)
  11 killer bees
  2 electric eels (Lair:3)
  4 howler monkeys
  A centaur zombie (Ossuary)
  3 hounds
  2 bombardier beetles
  3 jellies
  6 orc priests
  A hell rat (Sewer)
  A gnoll bouda (D:7)
  5 iguanas
  7 orc wizards
  2 sleepcaps
  Ijyb (D:4)
  3 mummies (Ossuary)
  Robin (D:4)
  4 gnolls (D:6)
  4 river rats (Sewer)
  4 adders
  A shadow imp (D:8)
  3 white imps
  4 ufetubi
  3 dart slugs
  5 ribbon worms
  33 orcs
  4 endoplasms
  A giant cockroach (D:4)
  23 goblins
  13 hobgoblins
  3 jackals (D:4)
  4 quokkas
  4 ball pythons
  3 bats
  A frilled lizard (D:1)
  2 gnoll zombies (Ossuary)
  21 kobolds
  2 kobold zombies (Ossuary)
  2 orc zombies (Ossuary)
  14 rats
399 creatures vanquished.

Notes
Turn   | Place    | Note
-------+----------+-------------------------------------------
     0 | D:1      | qw the Deep Elf Hunter began the quest for the Orb.
     0 | D:1      | Reached XP level 1. HP: 12/12 MP: 3/3
     0 | D:1      | 0 ||| qw: Version: 0.3-a-157-g843a77d
     0 | D:1      | 0 ||| qw: Game counter: 4031
     0 | D:1      | 0 ||| qw: Melee chars always use a shield: true
     0 | D:1      | 0 ||| qw: God list: Okawaru
     0 | D:1      | 0 ||| qw: Allow faded altars: false
     0 | D:1      | 0 ||| qw: Do Orc after clearing Dungeon:15 true
     0 | D:1      | 0 ||| qw: Do second Lair branch before Depths: true
     0 | D:1      | 0 ||| qw: Lair rune preference: random
     0 | D:1      | 0 ||| qw: Goals: Normal
     0 | D:1      | 0 ||| PLANNING D:1-11
   122 | D:1      | Reached skill level 6 in Ranged Weapons
   122 | D:1      | Reached XP level 2. HP: 16/16 MP: 4/4
   591 | D:1      | Found Xethrecs's Assorted Antiques.
   594 | D:1      | 594 ||| BUYING fizzy dark potion (22 gold).
   594 | D:1      | Bought a fizzy dark potion for 22 gold pieces
   594 | D:1      | 594 ||| SHOPLISTING scroll labelled QEPSIQU BIPRA (25 gold,
                  | have 24).
   594 | D:1      | 594 ||| SHOPLISTING scroll labelled YSIEWK TOGEH (25 gold,
                  | have 24).
   782 | D:1      | 782 ||| DROPPING ring of flight.
   783 | D:1      | 783 ||| UPGRADING to +4 ring of protection.
   784 | D:1      | 784 ||| READING scroll labelled QEPSIQU BIPRA.
   784 | D:1      | 784 ||| IDENTIFYING blue potion
   785 | D:1      | 785 ||| READING scroll labelled EXEF JOGIDGHISUNUHY.
   786 | D:1      | 786 ||| DROPPING scroll of butterflies.
   874 | D:2      | Reached XP level 3. HP: 20/20 MP: 5/5
  1071 | D:2      | Reached skill level 7 in Ranged Weapons
  1590 | D:2      | 1590 ||| UPGRADING to amulet of guardian spirit.
  1595 | D:2      | 1595 ||| READING scroll of identify.
  1595 | D:2      | 1595 ||| IDENTIFYING smoky silvery potion
  1596 | D:2      | 1596 ||| READING scroll labelled ELUAQYT SADA.
  1596 | D:2      | Identified a scroll of acquirement
  1596 | D:2      | 1596 ||| ACQUIRING +2 longbow of flaming
  1596 | D:2      | Acquired a +2 longbow of flaming
  1598 | D:2      | 1598 ||| SWAPPING to +2 longbow of flaming.
  1599 | D:2      | 1599 ||| DROPPING +0 shortbow.
  1600 | D:2      | 1600 ||| READING scroll labelled DILOUFROBIUF.
  1770 | D:3      | Found a broken altar of Ashenzari.
  1943 | D:3      | Reached XP level 4. HP: 25/25 MP: 6/6
  2125 | D:3      | Identified the +0 robe of Sivyrgh {Int+2}
  2444 | D:3      | Found an ancient bone altar of Kikubaaqudgha.
  2465 | D:3      | Found a sparkling altar of Nemelex Xobeh.
  2468 | D:3      | 2468 ||| DROPPING +0 robe of Sivyrgh {Int+2}.
  2469 | D:3      | 2469 ||| UPGRADING to ring of resist corrosion.
  2470 | D:3      | 2470 ||| DROPPING ring of wizardry.
  2471 | D:3      | 2471 ||| READING 2 scrolls labelled KATSUOWUKA.
  2472 | D:3      | 2472 ||| READING scroll labelled MOANNUMIWKUTUI.
  2473 | D:3      | 2473 ||| DROPPING scroll of revelation.
  2524 | D:4      | Noticed Robin
  2525 | D:4      | Reached skill level 8 in Ranged Weapons
  2525 | D:4      | 2525 ||| STAIRDANCE
  2533 | D:4      | 2533 ||| STAIRDANCE
  2545 | D:3      | Reached XP level 5. HP: 16/29 MP: 2/7
  2600 | D:4      | 2600 ||| STAIRDANCE
  2614 | D:4      | 2614 ||| STAIRDANCE
  2653 | D:4      | 2653 ||| STAIRDANCE
  2660 | D:4      | 2660 ||| STAIRDANCE
  2664 | D:4      | 2664 ||| STAIRDANCE
  2682 | D:4      | 2682 ||| STAIRDANCE
  2688 | D:3      | Reached skill level 9 in Ranged Weapons
  2721 | D:4      | Killed Robin
  2786 | D:4      | Reached skill level 3 in Dodging
  2805 | D:4      | 2805 ||| FLEEEEING.
  2806 | D:4      | 2806 ||| FLEEEEING.
  2808 | D:4      | 2808 ||| FLEEEEING.
  2810 | D:4      | 2810 ||| FLEEEEING.
  2869 | D:4      | Reached XP level 6. HP: 34/36 MP: 6/8
  2888 | D:4      | Found a white marble altar of Elyvilon.
  2924 | D:4      | Found a bloodstained altar of Trog.
  3444 | D:4      | Noticed Ijyb
  3447 | D:4      | Killed Ijyb
  3462 | D:4      | Identified the +1 leather armour "Xoocisak" {Will+ Int-5
                  | Dex+3 Stlth+}
  3666 | D:4      | 3666 ||| UPGRADING to +0 helmet.
  3671 | D:4      | 3671 ||| UPGRADING to +0 ring mail.
  3681 | D:4      | 3681 ||| DROPPING +0 leather armour.
  3682 | D:4      | 3682 ||| UPGRADING to +1 leather armour "Xoocisak" {Will+
                  | Int-5 Dex+3 Stlth+}.
  3692 | D:4      | 3692 ||| DROPPING +0 ring mail.
  3693 | D:4      | 3693 ||| UPGRADING to +0 pair of boots.
  3698 | D:4      | 3698 ||| READING scroll of identify.
  3698 | D:4      | 3698 ||| IDENTIFYING viscous white potion
  3699 | D:4      | 3699 ||| READING scroll labelled TYCERA GIHIUMI.
  3699 | D:4      | 3699 ||| ENCHANTING +0 helmet.
  3700 | D:4      | 3700 ||| READING scroll labelled SOEPUMUMOSO.
  3701 | D:4      | 3701 ||| DROPPING potion of ambrosia.
  3703 | D:4      | 3703 ||| Stepping ~*~*~tactically~*~*~ (cloud).
  3834 | D:5      | Entered Level 5 of the Dungeon
  3835 | D:5      | 3835 ||| PLANNING SEWER
  3878 | D:5      | Noticed Duvessa
  3879 | D:5      | 3879 ||| ZAPPING wand of quicksilver (1) at 2,7 (Duvessa;
                  | floor).
  3881 | D:5      | Killed Duvessa
  3881 | D:5      | Noticed Dowan
  3882 | D:5      | Reached skill level 10 in Ranged Weapons
  3882 | D:5      | Reached XP level 7. HP: 40/40 MP: 9/9
  3892 | D:5      | Killed Dowan
  3999 | D:5      | Reached skill level 11 in Ranged Weapons
  4007 | D:5      | Found a glowing drain.
  4024 | Sewer    | Entered a sewer
  4090 | Sewer    | 4090 ||| READING scroll of identify.
  4090 | Sewer    | 4090 ||| IDENTIFYING fizzy dark potion
  4091 | Sewer    | 4091 ||| READING scroll labelled ZEALUA NECH.
  4092 | Sewer    | 4092 ||| READING scroll labelled VAETTI HEAKO.
  4204 | D:5      | 4204 ||| PLANNING D:1-11
  4407 | D:5      | Reached XP level 8. HP: 45/45 MP: 10/10
  4434 | D:5      | Reached skill level 12 in Ranged Weapons
  4564 | D:5      | 4564 ||| DROPPING +6 ring of intelligence.
  4565 | D:5      | 4565 ||| DRINKING 2 emerald potions.
  4573 | D:6      | 4573 ||| PLANNING OSSUARY
  4647 | D:6      | 4647 ||| READING scroll of enchant armour.
  4647 | D:6      | 4647 ||| ENCHANTING +1 helmet.
  4708 | D:6      | Found a sand-covered staircase.
  4710 | D:6      | 4710 ||| READING scroll labelled YSIEWK TOGEH.
  4711 | D:6      | 4711 ||| READING scroll labelled ILEV PECSUXU.
  4716 | Ossuary  | Entered an ossuary
  4737 | Ossuary  | Reached skill level 3 in Fighting
  4766 | Ossuary  | Reached skill level 1 in Armour
  4921 | Ossuary  | 4921 ||| READING scroll of identify.
  4921 | Ossuary  | 4921 ||| IDENTIFYING clear potion
  4922 | Ossuary  | 4922 ||| READING scroll labelled XOYCEPIPOI.
  4922 | Ossuary  | 4922 ||| ENCHANTING +2 longbow of flaming.
  4923 | Ossuary  | 4923 ||| READING scroll labelled TUSYEL JAOGIRR.
  4923 | Ossuary  | 4923 ||| BRANDING +3 longbow of flaming.
  4924 | Ossuary  | 4924 ||| DRINKING 2 fuming purple potions.
  4925 | Ossuary  | 4925 ||| DROPPING potion of brilliance.
  4940 | D:6      | 4940 ||| PLANNING D:1-11
  5162 | D:6      | Found a staircase to the Ecumenical Temple.
  5163 | D:6      | 5163 ||| PLANNING TEMPLE
  5183 | Temple   | Entered the Ecumenical Temple
  5184 | Temple   | 5184 ||| PLANNING OKAWARU WORSHIP
  5197 | Temple   | Became a worshipper of Warmaster Okawaru
  5198 | Temple   | 5198 ||| PLANNING D:1-11
  5198 | Temple   | 5198 ||| REMOVING amulet of guardian spirit.
  5373 | D:6      | Reached skill level 13 in Ranged Weapons
  5474 | D:6      | HP: 6/46 [ogre/+0 giant club (21)]
  5475 | D:6      | 5475 ||| READING 4 scrolls of teleportation.
  5476 | D:6      | 5476 ||| DRINKING 3 potions of heal wounds.
  5806 | D:6      | Reached skill level 6 in Dodging
  5832 | D:7      | Found Zomnymux's Profane Products.
  5842 | D:7      | 5842 ||| READING scroll of enchant armour.
  5842 | D:7      | 5842 ||| ENCHANTING +0 pair of boots.
  5872 | D:7      | 5872 ||| Stepping randomly (disturbance).
  5873 | D:7      | 5873 ||| Stepping randomly (disturbance).
  5874 | D:7      | 5874 ||| Stepping randomly (disturbance).
  5875 | D:7      | 5875 ||| Stepping randomly (disturbance).
  5876 | D:7      | 5876 ||| Stepping randomly (disturbance).
  5879 | D:7      | 5879 ||| Stepping randomly (disturbance).
  5880 | D:7      | 5880 ||| Stepping randomly (disturbance).
  5881 | D:7      | 5881 ||| Stepping randomly (disturbance).
  5882 | D:7      | 5882 ||| Stepping randomly (disturbance).
  5885 | D:7      | 5885 ||| Stepping randomly (disturbance).
  5886 | D:7      | 5886 ||| Stepping randomly (disturbance).
  5887 | D:7      | 5887 ||| Stepping randomly (disturbance).
  5888 | D:7      | 5888 ||| Stepping randomly (disturbance).
  5889 | D:7      | 5889 ||| Stepping randomly (disturbance).
  5918 | D:7      | Killed an unseen horror
  5918 | D:7      | Reached * piety under Okawaru
  5919 | D:7      | Reached skill level 14 in Ranged Weapons
  5919 | D:7      | Reached XP level 9. HP: 24/50 MP: 11/11
  6022 | D:7      | 6022 ||| RETREEEEATING.
  6024 | D:7      | 6024 ||| INVOKING Heroism.
  6033 | D:7      | Reached skill level 1 in Invocations
  6238 | D:7      | 6238 ||| RETREEEEATING.
  6245 | D:7      | HP: 12/50 [gnoll/+0 halberd of venom[a gnoll bouda] (2)]
  6246 | D:7      | 6246 ||| READING 3 scrolls of teleportation.
  6247 | D:7      | 6247 ||| DRINKING 2 potions of heal wounds.
  6250 | D:7      | Reached skill level 3 in Invocations
  6415 | D:7      | Reached skill level 15 in Ranged Weapons
  6416 | D:7      | Reached ** piety under Okawaru
  6519 | D:7      | 6519 ||| RETREEEEATING.
  6521 | D:7      | Noticed a deep elf pyromancer
  6531 | D:7      | 6531 ||| INVOKING Heroism.
  6536 | D:7      | Killed a deep elf pyromancer
  6536 | D:7      | Reached *** piety under Okawaru
  6537 | D:7      | Reached skill level 16 in Ranged Weapons
  6537 | D:7      | Reached XP level 10. HP: 55/56 MP: 12/15
  6734 | D:7      | 6734 ||| READING 3 scrolls of identify.
  6734 | D:7      | 6734 ||| IDENTIFYING inky potion
  6735 | D:7      | 6735 ||| DROPPING potion of invisibility.
  7160 | D:8      | Reached **** piety under Okawaru
  7457 | D:8      | 7457 ||| UPGRADING to amulet of the acrobat.
  7462 | D:8      | 7462 ||| READING 3 scrolls of identify.
  7462 | D:8      | 7462 ||| IDENTIFYING scroll labelled WIOSTE LUSHRIM
  7463 | D:8      | 7463 ||| DROPPING scroll of amnesia.
  7524 | D:9      | Reached skill level 17 in Ranged Weapons
  8162 | D:9      | Noticed a two-headed ogre
  8163 | D:9      | 8163 ||| RETREEEEATING.
  8164 | D:9      | 8164 ||| INVOKING Finesse.
  8173 | D:9      | Killed a two-headed ogre
  8174 | D:9      | Reached skill level 6 in Invocations
  8254 | D:9      | Noticed a cyclops
  8255 | D:9      | 8255 ||| INVOKING Finesse.
  8263 | D:9      | Killed a cyclops
  8342 | D:9      | 8342 ||| READING scroll of enchant weapon.
  8342 | D:9      | 8342 ||| ENCHANTING +3 longbow of draining.
  8603 | D:10     | Entered Level 10 of the Dungeon
  8707 | D:10     | Noticed a two-headed ogre
  8712 | D:10     | Noticed Grum
  8713 | D:10     | 8713 ||| RETREEEEATING.
  8715 | D:10     | 8715 ||| RETREEEEATING.
  8718 | D:10     | 8718 ||| RETREEEEATING.
  8720 | D:10     | Killed Grum
  8721 | D:10     | Reached XP level 11. HP: 61/61 MP: 18/18
  8721 | D:10     | 8721 ||| INVOKING Finesse.
  8727 | D:10     | Killed a two-headed ogre
  8785 | D:10     | 8785 ||| Stepping randomly (disturbance).
  8786 | D:10     | 8786 ||| Stepping randomly (disturbance).
  8787 | D:10     | 8787 ||| Stepping randomly (disturbance).
  8792 | D:10     | 8792 ||| Stepping randomly (disturbance).
  8800 | D:10     | Reached ***** piety under Okawaru
  8848 | D:10     | 8848 ||| RETREEEEATING.
  8995 | D:10     | Found a staircase to the Orcish Mines.
  9063 | D:10     | 9063 ||| RETREEEEATING.
  9067 | D:10     | 9067 ||| RETREEEEATING.
  9068 | D:10     | 9068 ||| RETREEEEATING.
  9203 | D:10     | Found a shimmering blue altar of Sif Muna.
  9249 | D:10     | Reached skill level 18 in Ranged Weapons
  9270 | D:10     | Found a burning altar of Makhleb.
  9357 | D:10     | Found a shadowy altar of Dithmenos.
  9430 | D:10     | Found a staircase to the Lair.
  9623 | D:10     | 9623 ||| PLANNING LAIR
  9666 | Lair:1   | Entered Level 1 of the Lair of Beasts
  9677 | Lair:1   | 9677 ||| READING scroll of enchant weapon.
  9677 | Lair:1   | 9677 ||| ENCHANTING +4 longbow of draining.
  9909 | Lair:1   | 9909 ||| RETREEEEATING.
  9911 | Lair:1   | 9911 ||| RETREEEEATING.
  9920 | Lair:1   | 9920 ||| RETREEEEATING.
  9921 | Lair:1   | 9921 ||| RETREEEEATING.
  9922 | Lair:1   | 9922 ||| RETREEEEATING.
  9923 | Lair:1   | 9923 ||| RETREEEEATING.
  9924 | Lair:1   | 9924 ||| RETREEEEATING.
  9927 | Lair:1   | 9927 ||| RETREEEEATING.
  9929 | Lair:1   | Reached skill level 9 in Invocations
  9929 | Lair:1   | Received a gift from Okawaru
 10047 | Lair:1   | Reached skill level 9 in Dodging
 10249 | Lair:1   | 10249 ||| RETREEEEATING.
 10250 | Lair:1   | 10250 ||| RETREEEEATING.
 10251 | Lair:1   | 10251 ||| RETREEEEATING.
 10252 | Lair:1   | 10252 ||| RETREEEEATING.
 10253 | Lair:1   | 10253 ||| RETREEEEATING.
 10255 | Lair:1   | 10255 ||| RETREEEEATING.
 10324 | Lair:1   | 10324 ||| RETREEEEATING.
 10325 | Lair:1   | 10325 ||| RETREEEEATING.
 10326 | Lair:1   | 10326 ||| RETREEEEATING.
 10327 | Lair:1   | 10327 ||| RETREEEEATING.
 10328 | Lair:1   | 10328 ||| RETREEEEATING.
 10329 | Lair:1   | 10329 ||| RETREEEEATING.
 10330 | Lair:1   | 10330 ||| RETREEEEATING.
 10331 | Lair:1   | 10331 ||| RETREEEEATING.
 10334 | Lair:1   | 10334 ||| RETREEEEATING.
 10335 | Lair:1   | 10335 ||| RETREEEEATING.
 10336 | Lair:1   | 10336 ||| RETREEEEATING.
 10337 | Lair:1   | 10337 ||| RETREEEEATING.
 10338 | Lair:1   | 10338 ||| RETREEEEATING.
 10339 | Lair:1   | 10339 ||| RETREEEEATING.
 10340 | Lair:1   | 10340 ||| RETREEEEATING.
 10341 | Lair:1   | 10341 ||| RETREEEEATING.
 10342 | Lair:1   | 10342 ||| RETREEEEATING.
 10344 | Lair:1   | 10344 ||| RETREEEEATING.
 10345 | Lair:1   | 10345 ||| RETREEEEATING.
 10346 | Lair:1   | 10346 ||| RETREEEEATING.
 10347 | Lair:1   | 10347 ||| RETREEEEATING.
 10354 | Lair:1   | 10354 ||| RETREEEEATING.
 10356 | Lair:1   | Received a gift from Okawaru
 10448 | Lair:1   | Reached skill level 19 in Ranged Weapons
 10494 | Lair:1   | Noticed a boulder beetle
 10495 | Lair:1   | 10495 ||| INVOKING Finesse.
 10507 | Lair:1   | Killed a boulder beetle
 10508 | Lair:1   | Reached XP level 12. HP: 61/68 MP: 16/21
 10743 | Lair:1   | 10743 ||| UPGRADING to +2 pair of boots.
 10753 | Lair:1   | 10753 ||| DROPPING +1 pair of boots.
 10768 | Lair:2   | 10768 ||| STAIRDANCE
 10777 | Lair:2   | 10777 ||| STAIRDANCE
 11228 | Lair:2   | Reached skill level 20 in Ranged Weapons
 11399 | Lair:2   | Received a gift from Okawaru
 11424 | Lair:2   | Found a staircase to the Snake Pit.
 11618 | Lair:2   | 11618 ||| READING 5 scrolls of identify.
 11618 | Lair:2   | 11618 ||| IDENTIFYING lumpy golden potion
 11619 | Lair:2   | 11619 ||| DROPPING potion of berserk rage.
 11658 | Lair:3   | Found a radiant altar of Vehumet.
 11811 | Lair:3   | Reached skill level 6 in Fighting
 11817 | Lair:3   | Noticed a catoblepas
 11818 | Lair:3   | 11818 ||| INVOKING Finesse.
 11819 | Lair:3   | 11819 ||| Stepping ~*~*~tactically~*~*~ (cloud).
 11820 | Lair:3   | 11820 ||| Stepping ~*~*~tactically~*~*~ (cloud).
 11828 | Lair:3   | Killed a catoblepas
 11883 | Lair:3   | Received a gift from Okawaru
 12056 | Lair:3   | Received a gift from Okawaru
 12133 | Lair:3   | 12133 ||| RETREEEEATING.
 12134 | Lair:3   | 12134 ||| RETREEEEATING.
 12135 | Lair:3   | 12135 ||| RETREEEEATING.
 12138 | Lair:3   | 12138 ||| RETREEEEATING.
 12139 | Lair:3   | 12139 ||| RETREEEEATING.
 12140 | Lair:3   | 12140 ||| INVOKING Finesse.
 12154 | Lair:3   | Reached skill level 12 in Dodging
 12154 | Lair:3   | Reached XP level 13. HP: 76/76 MP: 17/22
 12205 | Lair:3   | Identified the ring "Satusazo" {rPois Str+3}
 12466 | Lair:3   | Found a staircase to the Shoals.
 12695 | Lair:3   | 12695 ||| DROPPING +1 helmet.
 12696 | Lair:3   | 12696 ||| UPGRADING to +2 leather armour of poison
                  | resistance.
 12706 | Lair:3   | 12706 ||| UPGRADING to +4 ring of slaying {mikee}.
 12708 | Lair:3   | 12708 ||| DROPPING ring of resist corrosion.
 12709 | Lair:3   | 12709 ||| READING 6 scrolls of identify.
 12709 | Lair:3   | 12709 ||| IDENTIFYING 2 coppery potions
 13020 | Lair:4   | 13020 ||| RETREEEEATING.
 13022 | Lair:4   | 13022 ||| RETREEEEATING.
 13024 | Lair:4   | 13024 ||| RETREEEEATING.
 13033 | Lair:4   | 13033 ||| RETREEEEATING.
 13034 | Lair:4   | 13034 ||| RETREEEEATING.
 13035 | Lair:4   | 13035 ||| RETREEEEATING.
 13036 | Lair:4   | 13036 ||| RETREEEEATING.
 13038 | Lair:4   | 13038 ||| RETREEEEATING.
 13043 | Lair:4   | 13043 ||| RETREEEEATING.
 13044 | Lair:4   | 13044 ||| RETREEEEATING.
 13051 | Lair:4   | 13051 ||| RETREEEEATING.
 13061 | Lair:4   | Reached ****** piety under Okawaru
 13061 | Lair:4   | Received a gift from Okawaru
 13133 | Lair:4   | 13133 ||| INVOKING Receive Weapon.
 13133 | Lair:4   | 13133 ||| ACQUIRING +0 heavy triple crossbow
 13133 | Lair:4   | Acquired a +0 heavy triple crossbow
 13133 | Lair:4   | Received a gift from Okawaru
 13134 | Lair:4   | 13134 ||| INVOKING Receive Armour.
 13134 | Lair:4   | 13134 ||| ACQUIRING +3 pair of mountain boots {steadfast,
                  | rC+}
 13134 | Lair:4   | Acquired the +3 pair of mountain boots {steadfast, rC+}
 13134 | Lair:4   | Received a gift from Okawaru
 13134 | Lair:4   | Found the +3 pair of mountain boots {steadfast, rC+}
 13136 | Lair:4   | 13136 ||| SWAPPING to +0 heavy triple crossbow.
 13137 | Lair:4   | 13137 ||| DROPPING +5 longbow of draining.
 13300 | Lair:4   | Found a runed translucent door.
 13300 | Lair:4   | Found a viscous altar of Jiyva.
 13300 | Lair:4   | Found a staircase to the Slime Pits.
 13300 | Lair:4   | Noticed an acid blob
 13300 | Lair:4   | Noticed an acid blob
 13956 | Lair:4   | 13956 ||| UPGRADING to +3 pair of mountain boots
                  | {steadfast, rC+}.
 13966 | Lair:4   | 13966 ||| DROPPING +2 pair of boots.
 13967 | Lair:4   | 13967 ||| DROPPING ring of protection from cold.
 14014 | Lair:5   | Entered Level 5 of the Lair of Beasts
 14015 | Lair:5   | 14015 ||| PLANNING GAUNTLET
 14016 | Lair:5   | 14016 ||| STAIRDANCE
 14023 | Lair:5   | 14023 ||| STAIRDANCE
 14054 | Lair:5   | 14054 ||| RETREEEEATING.
 14055 | Lair:5   | 14055 ||| RETREEEEATING.
 14060 | Lair:5   | 14060 ||| INVOKING Finesse.
 14061 | Lair:5   | HP: 13/79 [six-headed hydra (8)]
 14062 | Lair:5   | 14062 ||| READING 5 scrolls of teleportation.
 14062 | Lair:5   | Slain by a six-headed hydra

Levels and vault maps discovered:
D:1:      lemuel_arrival_hallway, layout_basic, serial_shops,
          nicolae_shop_tiny_real_fake_doors, ebering_dispersal_statue_hall,
          minmay_tromino_v2
D:2:      layout_basic, nicolae_elevator_lobby_plus
D:3:      layout_basic, lemuel_crystal_altar, amethyst_overflow_temple_binary,
          corner_web_ring
D:4:      kennysheep_goblin_castle, layout_cave_pods, general_overflow_altar,
          kennysheep_mini, uniq_robin
D:5:      layout_loops_ring, cheibrodos_sewer_entry_drain,
          kennysheep_generic_room_13, uniq_duvessa
D:6:      layout_layer_cave, minmay_temple_entry_gardened_gates,
          nicolae_ossuary_entry_ruins
D:7:      nzn_winding_woodlands_three_and_one
          [nzn_winding_woodlands_5x15_parted, nzn_winding_woodlands_5x15_zeroes,
          nzn_winding_woodlands_5x15_twine,
          nzn_winding_woodlands_center_pierced_h], layout_cave_pools,
          minmay_misc_feat_pillars, nicolae_evil_shop
D:8:      layout_layer_cave
D:9:      minmay_opposing_rooms, layout_basic
D:10:     layout_roguey, grunt_dithmenos_smoke_and_mirrors,
          nicolae_overflow_crystal_walls, tgw_sif, david_lair_shrubbed,
          orc_0_dummy, kennysheep_cluttered_room, serial_bayou_pond_c, uniq_grum
Temple:   eino_temple_water
Lair:1:   layout_cellular_growth, nzn_sisyphean_effort
Lair:2:   layout_chaotic_city, dummy_snake_entry
Lair:3:   regret_index_malice_mire, layout_chaotic_city,
          elwin_shoals_entry_rooms, basic_altar
Lair:4:   layout_cave_pods, slime_entry_2, enter_volcano_1, grunt_megastairs_2,
          infiniplex_staircase_pool_2
Lair:5:   evilmike_catoblepas_cave, layout_long_grid, gauntlet_entry_generic,
          minmay_shattered_shrine

Skill      XL: |  1  2  3  4  5  6  7  8  9 10 11 12 13 |
---------------+----------------------------------------+-----
Ranged Weapons | 6 7 8 9 10 11 14 16 17 19 20 | 20.8
Dodging        | 3 5 6 7 8 9 12 | 12.0
Fighting       | 2 3 4 5 7 8 |  8.7
Armour         | 1 2 |  2.3
Invocations    | 4 7 10 | 10.0
Stealth        | |  1.2

Action                     |  1- 3 |  4- 6 |  7- 9 | 10-12 | 13-15 || total
---------------------------+-------+-------+-------+-------+-------++-------
   Fire: Shortbow          |   107 |       |       |       |       ||   107
         Longbow           |     9 |   106 |   255 |   564 |   104 ||  1038
         Triple crossbow   |       |       |       |       |    39 ||    39
 Invoke: Heroism           |       |       |     2 |       |       ||     2
         Finesse           |       |       |       |     6 |     1 ||     7
         Receive Weapon    |       |       |       |       |     1 ||     1
         Receive Armour    |       |       |       |       |     1 ||     1
  Evoke: Wand              |       |     1 |       |       |       ||     1
    Use: Scroll            |     5 |     5 |    12 |     5 |     2 ||    29
         Potion            |       |       |     4 |       |       ||     4
 Armour: Leather armour    |    24 |    65 |    47 |   108 |    44 ||   288
  Dodge: Dodged            |    22 |    60 |    91 |   233 |    49 ||   455

Table legend:
 A = Non-vault XP
 B = Vault XP
 C = Vault XP percentage of total XP
 D = Non-vault monster count
 E = Vault monster count
 F = Vault count percentage of total count
                 A         B        C        D         E       F
            +---------+---------+-------+---------+---------+-------
      Total |   34226 |   16096 |  32.0 |     274 |     125 |  31.3
            +---------+---------+-------+---------+---------+-------
        D:1 |      35 |       2 |   5.4 |      21 |       1 |   4.5
        D:2 |      46 |       0 |   0.0 |      17 |       0 |   0.0
        D:3 |     152 |      24 |  13.6 |      14 |      12 |  46.2
        D:4 |     268 |      72 |  21.2 |      22 |      13 |  37.1
        D:5 |     623 |     228 |  26.8 |      17 |       7 |  29.2
        D:6 |     557 |       0 |   0.0 |      15 |       0 |   0.0
        D:7 |    1567 |    2297 |  59.4 |      26 |      20 |  43.5
        D:8 |     672 |       0 |   0.0 |      13 |       0 |   0.0
        D:9 |     971 |    2214 |  69.5 |      15 |      10 |  40.0
       D:10 |    3236 |    1121 |  25.7 |      19 |       7 |  26.9
     Lair:1 |    8081 |     836 |   9.4 |      31 |       1 |   3.1
     Lair:2 |    2600 |       0 |   0.0 |      10 |       0 |   0.0
     Lair:3 |    7719 |    8029 |  51.0 |      23 |      26 |  53.1
     Lair:4 |    6333 |     797 |  11.2 |      26 |       3 |  10.3
     Lair:5 |    1366 |       0 |   0.0 |       5 |       0 |   0.0
      Sewer |       0 |      98 | 100.0 |       0 |      12 | 100.0
    Ossuary |       0 |     378 | 100.0 |       0 |      13 | 100.0
            +---------+---------+-------+---------+---------+-------
